Map: Kairos Junction LE

Players

firefly

  • Race: Protoss Protoss
  • League: Gold
  • Spawn Location: 11:00

puCK (Nina) - Winner!

  • Race: Protoss Protoss
  • League: Grandmaster
  • Spawn Location: 5:00

Event: 2019 WCS Winter Americas

VOD

Have the link to the VOD?

Description

Time

  • Played on: Feb. 10, 2019, 1:02 p.m.
  • Length: 5:38

All games in this series

Show
View Real Time Build Order
Export as new Build Order

firefly Protoss 

Build Orders: Oracle Opening 

Get SALT Encoding   

  12  0:00  Probe  
  13  0:12  Probe  
  14  0:17  Pylon  
  14  0:25  Probe  
  15  0:34  Probe  
  15  0:37  Gateway  
  15  0:42  Probe  
  16  0:48  Assimilator  
  17  0:51  Probe  
  17  0:56  Assimilator  
  18  1:03  Probe  
  19  1:08  Gateway  
  19  1:15  Probe  
  20  1:23  Probe  
  20  1:25  Cybernetics Core  
  20  1:31  Probe  
  21  1:39  Pylon  
  22  1:41  Probe  
  23  2:01  Warp Gate, Adept  
  23  2:02  Sentry  
  27  2:09  Pylon  
  27  2:21  Pylon  
  27  2:26  Stargate  
  27  2:45  Nexus  
  27  2:46  Probe  
  28  2:57  Stalker  
  28  2:58  Probe  
  31  3:00  Oracle  
  31  3:11  Probe  
  35  3:17  Pylon  
  35  3:25  Probe  
  36  3:37  Probe  
  36  3:38  Oracle  
  40  3:47  Shield Battery  
  40  3:50  Robotics Facility  
  40  3:51  Probe  
  41  3:56  Probe  
  42  4:05  Forge, Probe  
  42  4:06  Probe  
  44  4:12  Twilight Council  
  44  4:18  Probe  
  45  4:27  Probe  
  45  4:29  Stalker x2  
  48  4:33  Void Ray  
  48  4:36  Pylon  
  52  4:46  Probe x2  
  54  4:53  Adept x2  
  56  5:01  Probe x2  
  56  5:04  Shield Battery  
  55  5:13  Probe  
  50  5:17  Stalker x2  
  48  5:22  Probe  
Show
View Real Time Build Order
Export as new Build Order

puCK Protoss - Winner!

Build Orders: Phoenix Opening 

Get SALT Encoding   

  12  0:00  Probe  
  13  0:13  Probe  
  14  0:18  Pylon  
  14  0:25  Probe  
  15  0:34  Probe  
  15  0:38  Gateway  
  15  0:42  Probe  
  16  0:46  Assimilator  
  17  0:51  Probe  
  17  0:56  Assimilator  
  18  1:03  Probe  
  19  1:09  Gateway  
  19  1:12  Probe  
  20  1:20  Probe  
  21  1:26  Cybernetics Core  
  21  1:29  Probe  
  22  1:37  Pylon  
  22  1:41  Probe  
  23  1:55  Probe  
  24  2:02  Stalker, Sentry  
  24  2:04  Warp Gate  
  24  2:07  Probe  
  29  2:12  Pylon  
  29  2:29  Stalker  
  31  2:32  Stalker  
  33  2:42  Phoenix  
  33  2:53  Robotics Facility  
  33  2:59  Pylon  
  34  3:12  Sentry  
  34  3:15  Nexus  
  34  3:18  Sentry  
  36  3:23  Probe  
  37  3:30  Warp Prism  
  37  3:36  Pylon  
  39  3:42  Gateway  
  39  3:49  Gateway  
  39  3:55  Shield Battery  
  39  4:02  Sentry  
  41  4:03  Sentry  
  43  4:11  Probe  
  43  4:16  Observer  
  43  4:34  Stalker x2  
  47  4:39  Probe  
  47  4:40  Probe  
  49  4:52  Probe  
  50  4:53  Probe  
  50  4:55  Stalker x2  
  55  5:05  Stalker  
  55  5:18  Stalker  
  57  5:35  Stalker x2  
Tags
 
Add a new tag
Caveats
  • Supply blocks, unpowered buildings, or Contaminate may cause inaccurate times.
  • Supply counts are checked every 10 seconds.